 Dungeon Crawl Stone Soup version 0.30.1-4-g462c640d31 (webtiles) character file.

Game seed: 6070989769861836733

3775 nonceun the Cleaver (level 9, 0/82 HPs)
             Began as a Minotaur Berserker on Sept 13, 2023.
             Was a High Priest of Trog.
             Slain by an orc knight
             ... wielding a +0 glaive
              (23 damage)
             ... in a bailey.
             The game lasted 00:24:43 (6788 turns).

nonceun the Cleaver (Minotaur Berserker)            Turns: 6788, Time: 00:24:43

Health: 0/82       AC: 16    Str: 23    XL:     9   Next: 95%
Magic:  17/17      EV:  6    Int:  6    God:    Trog [*****.]
Gold:   488        SH:  9    Dex: 11    Spells: 8/8 levels left

rFire   . . .        a - +2 war axe (freeze)
rCold   . . .        D - +0 kite shield
rNeg    + . .        G - +0 plate armour
rPois   .            (helmet restricted)
rElec   .            L - +0 cloak
rCorr   .            J - +0 pair of gloves
SInv    .            F - +0 pair of boots
Will    ++...        (no amulet) Stlth
                     H - ring of magical power
HPRegen 1.33/turn    K - ring of positive energy
MPRegen 0.15/turn

%: no passive effects
@: strong-willed, regenerating
A: horns 2, retaliatory headbutt
a: Renounce Religion, Berserk, Trog's Hand, Brothers in Arms


You were in a bailey.
You worshipped Trog.
Trog was extremely pleased with you.
You visited 1 branch of the dungeon, and saw 7 of its levels.
You also visited: Sewer and Bailey.

You collected 488 gold pieces.

Inventory:

Hand Weapons
 a - a +2 war axe of freezing (weapon)
 b - a +0 war axe
 A - a +0 hand axe of venom
 M - a +0 trident
Armour
 D - a +0 kite shield (worn)
 F - a +0 pair of boots (worn)
 G - a +0 plate armour (worn)
 J - a +0 pair of gloves (worn)
 L - a +0 cloak (worn)
Jewellery
 i - a ring of ice
 x - a ring of flight
 H - a ring of magical power (left hand)
 K - a ring of positive energy (right hand)
Wands
 t - a wand of paralysis (2)
 v - a wand of flame (38)
 B - a wand of acid (19)
 I - a wand of iceblast (8)
Scrolls
 c - a scroll of blinking {unknown}
 h - 8 scrolls of identify {unknown}
 j - 3 scrolls of enchant weapon {unknown}
 n - 4 scrolls of teleportation {unknown}
 p - a scroll of noise {unknown}
 q - 3 scrolls of amnesia {unknown}
 r - a scroll of butterflies {unknown}
 w - a scroll of torment {unknown}
 y - 2 scrolls of brand weapon {unknown}
 C - a scroll of fog {unknown}
 E - a scroll of enchant armour {unknown}
Potions
 d - a potion of degeneration {unknown}
 e - a potion of brilliance {unknown}
 f - 4 potions of heal wounds {unknown}
 g - 2 potions of haste {unknown}
 k - 3 potions of flight {unknown}
 l - a potion of ambrosia {unknown}
 m - 2 potions of cancellation {unknown}
 o - 3 potions of attraction {unknown}
 s - a potion of curing {unknown}
 u - 4 potions of lignification {unknown}
 z - a potion of mutation {unknown}
Miscellaneous
 N - a lightning rod (4/4)


   Skills:
 * Level 8.9 Fighting
 + Level 12.7 Axes
 * Level 6.3 Armour
 - Level 2.1 Dodging
 * Level 6.2 Shields


You had 8 spell levels left.
You didn't know any spells.
Your spell library contained the following spells:

 Spells                   Type           Power      Damage    Failure   Level
 Magic Dart               Conj           0%         1d3       100%        1
 Necrotise                Necr           0%         1d4       100%        1
 Poisonous Vapours        Pois/Air       0%         N/A       100%        2
 Searing Ray              Conj           0%         2d4       100%        2
 Mephitic Cloud           Conj/Pois/Air  0%         N/A       100%        3
 Vampiric Draining        Necr           0%         2d6       100%        3
 Anguish                  Hex/Necr       0%         N/A       100%        4
 Cause Fear               Hex            0%         N/A       100%        4
 Fulminant Prism          Conj/Hex       0%         3d5       100%        4
 Agony                    Necr           0%         N/A       100%        5
 Freezing Cloud           Conj/Ice/Air   0%         6-21      100%        5
 Conjure Ball Lightning   Conj/Air       0%         3x3d6     100%        6
 Enfeeble                 Hex            0%         N/A       100%        7
 Discord                  Hex            0%         N/A       100%        8
 Disjunction              Tloc           0%         N/A       100%        8


Dungeon Overview and Level Annotations

Branches:
Dungeon (7/15)             Temple (0/1) D:4           Sewer (visited)
 Bailey (1/1)

Altars:
Ashenzari
Sif Muna


Innate Abilities, Weirdness & Mutations

You have a pair of horns on your head.
You reflexively headbutt those who attack you in melee.


Message History

You slash the orc! You freeze the orc.
You kill the orc!
Trog accepts your kill.
You hit the orc knight. You freeze the orc knight. You hit the orc warrior.
You freeze the orc warrior. You block the orc knight's attack.
The orc knight roars a battlecry!
The orcs go into a battle-frenzy!
You block the orc warrior's attack.
You slash the orc warrior! You freeze the orc warrior.
The orc warrior is severely wounded.
You hit the orc knight. You freeze the orc knight.
The orc knight completely misses you. You block the orc knight's attack.
You block the orc warrior's attack.
You slash the orc warrior! You freeze the orc warrior.
You kill the orc warrior!
Trog accepts your kill.
You closely miss the orc knight.
The orc knight roars a battlecry!
The orc knight goes into a battle-frenzy!
The orc knight completely misses you. You furiously retaliate!
You headbutt the orc knight! You block the orc knight's attack.
The orc knight hits you with a +0 glaive!
Things that are here:
a +3 trident; a +0 scale mail; an orc corpse You hit the orc knight but do no damage. x2
You block the orc knight's attack.
The orc knight hits you with a +0 glaive!
You hit the orc knight. You freeze the orc knight.
The orc knight is lightly wounded.
You hit the orc knight but do no damage.
The orc knight hits you with a +0 glaive.
The orc knight hits you with a +0 glaive!!
* * * LOW HITPOINT WARNING * * *
The orc knight attacks as you move away!
The orc knight hits you with a +0 glaive.
* * * LOW HITPOINT WARNING * * *
The orc knight closely misses you.
The orc knight hits you with a +0 glaive!!
You die...

...≈≈.≈≈≈...#########...≈≈≈.≈≈...
...........##.......##.....).....
..........##..#'#'#..##..........
..........#..##)#)##..#..........
.........##.#########.##.........
.........##.'[#?.[#)'.##.........
.........##.###o8.###.##.........
.........##.')#o))#.'.##.........
.........##.####@####.##.........
..........#..##∩.∩##..##.........
..........##..#'''##.............
...........##.....##........)....
...≈≈.≈≈≈...##....##....≈≈≈.≈≈...
..≈≈#.##≈....#######....≈##)#≈≈..
..≈##.∩#≈...............≈#∩)##≈..
..≈#...).....................#≈..
..≈##.##≈...............≈##.##≈..


You could see 2 orc knights.

Vanquished Creatures
  Pikel (D:6)
  Eustachio (D:6)
  A water moccasin (D:7)
  2 ice beasts (D:5)
  3 black bears
  9 orc warriors (Bailey)
  A sky beast (D:6)
  An ogre (D:5)
  The ghost of middlethird the Grave Robber, an amateur FoNe of Vehumet (D:4)
  A lemure (D:6)
  A phantom (D:5)
  A kobold brigand (Sewer)
  A gnoll sergeant (D:5)
  A bullfrog (D:6)
  4 scorpions
  3 wights (D:6)
  A hound (D:6)
  2 jellies
  3 orc priests
  Crazy Yiuf (D:6)
  7 iguanas
  4 orc wizards
  5 gnolls (D:5)
  11 adders
  3 river rats (Sewer)
  A shadow imp (D:5)
  A white imp (D:6)
  2 ufetubi (D:5)
  4 worms
  5 dart slugs
  44 orcs
  6 bats
  6 endoplasms
  6 giant cockroaches
  11 goblins
  7 hobgoblins
  19 jackals
  13 ball pythons
  5 frilled lizards
  6 kobolds
  8 rats
213 creatures vanquished.

Notes
Turn   | Place    | Note
-------+----------+-------------------------------------------
     0 | D:1      | nonceun the Minotaur Berserker began the quest for the Orb.
     0 | D:1      | Reached XP level 1. HP: 19/19 MP: 0/0
   114 | D:1      | Reached skill level 4 in Axes
   178 | D:1      | Reached XP level 2. HP: 24/26 MP: 1/1
   757 | D:2      | Reached skill level 5 in Axes
   788 | D:2      | Reached ** piety under Trog
   789 | D:2      | Reached XP level 3. HP: 31/31 MP: 2/2
   988 | D:2      | Reached XP level 4. HP: 37/39 MP: 3/3
  1094 | D:2      | Found a faded altar of an unknown god.
  1300 | D:3      | Reached skill level 6 in Axes
  1358 | D:3      | Found a broken altar of Ashenzari.
  1688 | D:3      | Reached *** piety under Trog
  1987 | D:4      | Found a staircase to the Ecumenical Temple.
  2027 | D:4      | Reached XP level 5. HP: 35/45 MP: 4/4
  2074 | D:4      | Reached skill level 7 in Axes
  2214 | D:4      | Found a shimmering blue altar of Sif Muna.
  2226 | D:4      | Found a large runed translucent door.
  2226 | D:4      | Found a large runed translucent door.
  2282 | D:4      | Noticed a black bear
  2299 | D:4      | Killed a black bear
  2300 | D:4      | Reached XP level 6. HP: 45/53 MP: 5/5
  2540 | D:4      | Found a glowing drain.
  2549 | Sewer    | Entered a sewer
  2582 | Sewer    | Reached skill level 8 in Axes
  2710 | Sewer    | Reached **** piety under Trog
  3578 | D:4      | Noticed middlethird's ghost (amateur FoNe)
  3838 | D:4      | Killed middlethird's ghost
  3839 | D:4      | Reached skill level 5 in Fighting
  3839 | D:4      | Reached skill level 9 in Axes
  3839 | D:4      | Reached XP level 7. HP: 15/61 MP: 6/6
  4170 | D:5      | Entered Level 5 of the Dungeon
  4600 | D:5      | Reached skill level 10 in Axes
  4607 | D:5      | Reached skill level 1 in Shields
  4607 | D:5      | Reached XP level 8. HP: 47/71 MP: 7/7
  5143 | D:5      | Reached skill level 11 in Axes
  5678 | D:6      | Noticed Eustachio
  5701 | D:6      | Killed Eustachio
  5702 | D:6      | Reached XP level 9. HP: 80/81 MP: 8/8
  5773 | D:6      | Noticed Pikel
  5787 | D:6      | Killed Pikel
  5788 | D:6      | Reached skill level 12 in Axes
  5788 | D:6      | Reached skill level 5 in Armour
  5788 | D:6      | Reached skill level 5 in Shields
  5926 | D:6      | Found a runed translucent door.
  5927 | D:6      | Noticed Crazy Yiuf
  5932 | D:6      | Killed Crazy Yiuf
  6160 | D:7      | Reached ***** piety under Trog
  6179 | D:7      | Noticed a komodo dragon
  6216 | D:7      | Found a flagged portal.
  6239 | Bailey   | Entered a bailey
  6779 | Bailey   | Found the crystal ball of Wucad Mu {*channel}
  6779 | Bailey   | Noticed an orc knight
  6779 | Bailey   | Noticed an orc knight
  6788 | Bailey   | Slain by an orc knight

Illustrated notes

Levels and vault maps discovered:
D:1:      lightli_arrival_noodles, layout_basic
D:2:      layout_rooms, ebering_ecumenical_altar_box, item_on_display_a
D:3:      layout_basic, ashenzari_conservatory_becter, serial_bayou_ford_a,
          dk_noncrumbling_4
D:4:      minmay_skewed_foursquare, layout_loops_corners,
          mainiacjoe_overflow_small_starburst, minmay_temple_entry_mini_moons,
          ebering_ghost_disaster_area, portal_sewer_entry_a, serial_bayou_pond_b
D:5:      minmay_chambers_of_threes, layout_basic
D:6:      layout_rooms, dreamdust_wishing_well, uniq_crazy_yiuf_cottage,
          uniq_eustachio, uniq_pikel
D:7:      layout_layer_cave, mainiacjoe_overflow_six_doors_small,
          jmf_multi_god_temple, enter_bailey_3, minmay_lizard_king
Bailey:   bailey_polearm_2, bailey

Skill      XL: |  1  2  3  4  5  6  7  8  9 |
---------------+----------------------------+-----
Axes           | 4 5 6 7 9 10 11 12 | 12.7
Fighting       | 4 5 6 8 |  8.9
Shields        | 1 3 6 |  6.2
Armour         | 4 6 |  6.3
Dodging        | |  2.1

Action                     |  1- 3 |  4- 6 |  7- 9 || total
---------------------------+-------+-------+-------++-------
  Melee: Hand axe          |    79 |    16 |       ||    95
         Headbutt          |     8 |    17 |    42 ||    67
         War axe           |       |   108 |   253 ||   361
 Invoke: Trog's Hand       |       |     2 |     2 ||     4
 Armour: Animal skin       |     7 |     2 |       ||     9
         Scale mail        |       |    26 |       ||    26
         Chain mail        |       |    21 |    21 ||    42
         Plate armour      |       |       |    84 ||    84
  Dodge: Dodged            |    47 |    68 |    53 ||   168
  Block: Kite shield       |       |       |    87 ||    87
